 Dungeon Crawl Stone Soup version 0.28.0-53-g5a82cb258f (webtiles) character file.

Game seed: 14653042253431946607

77 Peloso the Covered (level 4, -2/40 HPs)
             Began as a Minotaur Fighter on July 28, 2022.
             Slain by a gnoll
             ... wielding a +0 halberd
              (7 damage)
             ... on level 3 of the Dungeon.
             The game lasted 00:02:08 (1278 turns).

Peloso the Covered (Minotaur Fighter)               Turns: 1278, Time: 00:02:09

Health: -2/40      AC:  7    Str: 20    XL:     4   Next: 14%
Magic:  3/3        EV:  9    Int:  5    God:
Gold:   67         SH:  5    Dex: 12    Spells: 3/3 levels left

rFire   . . .      SeeInvis .   a - +0 long sword
rCold   . . .      Faith    .   c - +0 buckler
rNeg    . . .      Spirit   .   b - +0 scale mail
rPois   .          Reflect  .   (helmet restricted)
rElec   .          Harm     .   (no cloak)
rCorr   .          Rampage  .   (no gloves)
Will    .....                   (no boots)
Stlth   ..........              (no amulet)
HPRegen 0.13/turn               (no ring)
MPRegen 0.08/turn               (no ring)

@: hasted, very quick
A: horns 2, retaliatory headbutt
a: no special abilities


You were on level 3 of the Dungeon.
You visited 1 branch of the dungeon, and saw 3 of its levels.

You collected 67 gold pieces.

Inventory:

Hand Weapons
 a - a +0 long sword (weapon)
Armour
 b - a +0 scale mail (worn)
 c - a +0 buckler (worn)
Scrolls
 f - a scroll of acquirement {unknown}
 g - 2 scrolls of identify {unknown}
 h - a scroll of amnesia {unknown}
Potions
 d - a potion of might


   Skills:
 + Level 3.9 Fighting
 + Level 3.1 Long Blades
 + Level 5.0 Armour
 + Level 0.4 Dodging
 + Level 0.7 Stealth
 + Level 4.0 Shields


You had 3 spell levels left.
You didn't know any spells.
Your spell library was empty.

Dungeon Overview and Level Annotations

Branches:
Dungeon (3/15)

Altars:

Annotations:
D:2 Sigmund


Innate Abilities, Weirdness & Mutations

You have a pair of horns on your head.
You reflexively headbutt those who attack you in melee.


Message History

You barely miss the gnoll. You block the gnoll's attack.
You closely miss the gnoll. The gnoll hits you with a +0 whip!
The gnoll hits you with a +0 whip.
You barely miss the gnoll.
There is an open door here.
You closely miss the gnoll. You headbutt the gnoll!
The gnoll is severely wounded.
You block the gnoll's attack.
You barely miss the gnoll. You headbutt the gnoll!
The gnoll is severely wounded.
The gnoll barely misses you. x2
You slash the gnoll!
You kill the gnoll!
The gnoll hits you with a +0 whip.
You barely miss the gnoll.
The gnoll is severely wounded.
The gnoll barely misses you. The gnoll hits you with a +0 whip.
You block the gnoll's attack.
The gnoll hits you from afar with a +0 halberd!
* * * LOW HITPOINT WARNING * * *
You hit the gnoll.
You kill the gnoll!
The gnoll closely misses you.
Your Long Blades skill increases to level 3!
You have reached level 4!
You feel agile. The gnoll hits you with a +0 flail.
* * * LOW HITPOINT WARNING * * *
You closely miss the gnoll.
The gnoll is severely wounded.
The gnoll hits you with a +0 flail.
* * * LOW HITPOINT WARNING * * *
There is an open door here.
It was a potion of haste.
You feel yourself speed up. The gnoll closely misses you.
The gnoll barely misses you.
You slash the gnoll!
You kill the gnoll!
Your Armour skill increases to level 5!
The gnoll hits you from afar with a +0 halberd!
You die...

#.# #...# #.# #####
#...# #.# #...# #...#
#.#####.#g# #...#
#....gg.#g# #...#
#########.# #.#
####################.#
................@.g).#
######################


You could see a gnoll.

Vanquished Creatures
  An adder (D:3)
  3 gnolls (D:3)
  4 endoplasms
  4 goblins (D:1)
  3 hobgoblins (D:1)
  6 jackals (D:1)
  5 kobolds (D:1)
  A quokka (D:3)
  2 ball pythons (D:1)
  3 bats (D:1)
  3 frilled lizards (D:1)
  2 rats (D:1)
37 creatures vanquished.

Notes
Turn   | Place    | Note
-------+----------+-------------------------------------------
     0 | D:1      | Peloso the Minotaur Fighter began the quest for the Orb.
     0 | D:1      | Reached XP level 1. HP: 19/19 MP: 0/0
   120 | D:1      | Reached XP level 2. HP: 27/27 MP: 1/1
   289 | D:1      | Reached skill level 4 in Armour
   709 | D:1      | Reached XP level 3. HP: 31/33 MP: 2/2
  1019 | D:2      | Noticed Sigmund
  1237 | D:3      | Reached XP level 4. HP: 8/40 MP: 3/3
  1242 | D:3      | HP: 1/40 [gnoll/+0 flail (5)]
  1275 | D:3      | Reached skill level 5 in Armour
  1278 | D:3      | Slain by a gnoll

Illustrated notes

Levels and vault maps discovered:
D:1:      dpeg_arrival_shrine, layout_basic, minmay_misc_feat_tiny
D:2:      layout_rooms, ebering_ecumenical_altar_petrified, uniq_sigmund
D:3:      layout_basic

Skill      XL: |  1  2  3  4 |
---------------+-------------+-----
Armour         | 4 5 |  5.0
Shields        | 4 |  4.0
Long Blades    | 3 |  3.1
Fighting       | |  3.9
Dodging        | |  0.4
Stealth        | |  0.7

Action                   |  1- 3 |  4- 6 || total
-------------------------+-------+-------++-------
Melee: Long sword        |    83 |     2 ||    85
       Headbutt          |    11 |       ||    11
  Use: Scroll            |     1 |       ||     1
       Potion            |       |     1 ||     1
Armor: Scale mail        |    44 |       ||    44
Dodge: Dodged            |    56 |     2 ||    58
Block: Buckler           |    23 |       ||    23
